 Dungeon Crawl Stone Soup version 0.27-a0-604-g29a88b33a7 (webtiles) character file.

Game seed: 1498419977234361643

77 dickylongcocking the Skirmisher (level 4, 0/44 HPs)
             Began as a Naga Abyssal Knight on Mar 13, 2021.
             Was a Follower of Lugonu.
             Slain by Sigmund
             ... wielding a +0 scythe
              (4 damage)
             ... on level 3 of the Dungeon.
             The game lasted 00:01:27 (2302 turns).

dickylongcocking the Skirmisher (NaAK)              Turns: 2302, Time: 00:01:27

Health: 0/44       AC:  7    Str: 14    XL:     4   Next: 34%
Magic:  5/5        EV:  8    Int: 13    God:    Lugonu [*.....]
Gold:   147        SH:  0    Dex: 11    Spells: 3/3 levels left

rFire    + + .     SeeInvis +   j - +0 great mace
rCold    + . .     Faith    +   (shield currently unavailable)
rNeg     . . .     Spirit   .   d - +1 ring mail {rPois}
rPois    +         Reflect  .   (no helmet)
rElec    +         Harm     .   (no cloak)
rCorr    +         Rampage  .   (no gloves)
Will     .....                  (no barding)
Stlth    +.........             h - amulet of faith
HPRegen  0.14/turn              (no ring)
MPRegen  0.09/turn              (no ring)

@: resistant, attractive, very slightly contaminated, invisible, very slow
A: large, thin metallic scales 1, see invisible, deformed body, fire resistance
1, poison resistance, slowness 2, spit poison 1, naga tail 1, AC +1
a: Spit Poison, Renounce Religion, Depart the Abyss


You were on level 3 of the Dungeon.
You worshipped Lugonu.
Lugonu was aware of your devotion.
You visited 1 branch of the dungeon, and saw 3 of its levels.
You visited the Abyss 1 time.

You collected 147 gold pieces.

Inventory:

Hand Weapons
 a - a +1 mace
 j - a +0 great mace (weapon)
Armour
 b - a +0 leather armour
 d - a +1 ring mail of poison resistance (worn)
Jewellery
 h - an amulet of faith (around neck)
 l - a ring of poison resistance
Scrolls
 e - 4 scrolls of identify {unknown}
 f - 3 scrolls of teleportation {unknown}
 g - a scroll of fear {unknown}


   Skills:
 + Level 3.8 Fighting
 + Level 3.0 Maces & Flails
 + Level 2.2 Armour
 + Level 1.0 Dodging
 - Level 2.0 Invocations


You had 3 spell levels left.
You didn't know any spells.
Your spell library was empty.

Dungeon Overview and Level Annotations

Branches:
Dungeon (3/15)

Altars:

Annotations:
D:3 Sigmund


Innate Abilities, Weirdness & Mutations

Your serpentine skin is tough. (AC +1)
You have supernaturally acute eyesight. (SInv)
Armour fits poorly on your strangely shaped body.
Your system is resistant to poisons. (rPois)
You cover ground very slowly.
You can spit poison.
You have a snake-like lower body.
You are partially covered in thin metallic scales. (AC +2)
Your flesh is heat resistant. (rF+)


Message History

It was a potion of invisibility.
You fade into invisibility!
The jackal bites you but does no damage. x2
You are very lightly contaminated with residual magic.
The jackal barely misses you.
It was a potion of mutation.
You feel extremely strange.
You feel resistant to heat.
Thin metallic scales grow over part of your body.
Sigmund says, "Look into my eyes."
Sigmund gestures at the jackal while chanting.
The puff of flame hits the jackal!
The jackal dies!
Unknown command.
It was a potion of attraction.
You feel attractive to monsters. Sigmund is pulled toward you!
Press: ? - help, Shift-Dir - straight line, f - Sigmund
Aim: Sigmund, wielding a +0 scythe and wearing a +0 robe The splash of poison hits Sigmund.
Sigmund is lightly wounded.
Sigmund laughs darkly.
Sigmund hits you with a +0 scythe!
* * * LOW HITPOINT WARNING * * *
Unknown command.
Unknown command.
You aren't carrying any potions.
Unknown command.
Okay, then.
You sock Sigmund!
Sigmund is heavily wounded.
Sigmund completely misses you.
You closely miss Sigmund.
Sigmund is heavily wounded.
You have got your breath back.
Sigmund hits you but does no damage.
You catch the helpless Sigmund completely off-guard!
You hit Sigmund.
Sigmund is severely wounded.
Sigmund hits you with a +0 scythe.
You die...

.. . .## ...........#
..?......#.# ...
.........#.##... ....
........##.##........
)....@..##@##........
........##@##.#......
........##.##.#......
...........##.#.....
................#.#
..........###...#.#
..........+.......#
#####.....####.#..#
#.....####...####


You could see Sigmund.

Vanquished Creatures
  2 adders (D:2)
  3 worms (D:2)
  A dart slug (D:2)
  A leopard gecko (D:2)
  4 bats
  3 giant cockroaches
  3 hobgoblins (D:2)
  5 jackals
  A quokka (D:2)
  2 ball pythons
  4 frilled lizards
  7 goblins
  8 kobolds
  4 rats
48 creatures vanquished.

Vanquished Creatures (others)
  A jackal (D:3)
1 creature vanquished.

Grand Total: 49 creatures vanquished

Notes
Turn   | Place    | Note
-------+----------+-------------------------------------------
     0 | Abyss:1  | dickylongcocking the Naga Abyssal Knight began the quest
                  | for the Orb.
     0 | Abyss:1  | Reached XP level 1. HP: 21/21 MP: 2/2
    28 | Abyss:1  | Noticed a spatial vortex
    28 | Abyss:1  | Noticed a spatial maelstrom
    29 | Abyss:1  | Noticed a spatial vortex
    30 | Abyss:1  | Noticed a spatial vortex
    31 | Abyss:1  | Noticed a spatial vortex
    31 | D:1      | Escaped the Abyss
   511 | D:1      | Reached XP level 2. HP: 28/28 MP: 3/3
   609 | D:1      | Reached * piety under Lugonu
  1242 | D:2      | Reached XP level 3. HP: 20/34 MP: 4/4
  1250 | D:2      | Reached skill level 1 in Dodging
  1646 | D:2      | Reached XP level 4. HP: 35/44 MP: 5/5
  2283 | D:3      | Noticed Sigmund
  2297 | D:3      | Gained mutation: Your flesh is heat resistant. (rF+)
                  | [potion of mutation]
  2297 | D:3      | Gained mutation: You are partially covered in thin metallic
                  | scales. (AC +2) [potion of mutation]
  2302 | D:3      | Slain by Sigmund

Illustrated notes

Levels and vault maps discovered:
D:1:      dpeg_arrival_arbitrary_c, layout_loops_ring, amethyst_killhole,
          minmay_close_crescents
D:2:      layout_loops_ring
D:3:      layout_basic, minitemple, uniq_grinder, uniq_sigmund

Skill      XL: |  1  2  3  4 |
---------------+-------------+-----
Armour         | 2 |  2.2
Dodging        | 1 |  1.0
Maces & Flails | 3 |  3.0
Fighting       | |  3.8
Invocations    | |  2.0

Action                   |  1- 3 |  4- 6 || total
-------------------------+-------+-------++-------
Melee: Mace              |    88 |       ||    88
       Great mace        |     8 |    48 ||    56
Invok: Depart the Abyss  |     1 |       ||     1
 Abil: Spit Poison       |     1 |     1 ||     2
  Use: Potion            |       |     4 ||     4
 Stab: Invisible         |       |     1 ||     1
Armor: Ring mail         |    46 |    34 ||    80
Dodge: Dodged            |    46 |    27 ||    73

Table legend: (Time is in decaauts)
 A = Elapsed time spent in this place.
 B = Non-inter-level travel time spent in this place.
 C = Inter-level travel time spent in this place.
 D = Time resting spent in this place.
 E = Time spent auto-exploring this place.
 F = Levels seen in this place.
 G = Mean time per level.
                   A        B        C        D        E       F      G
               +--------+--------+--------+--------+--------+-----+--------+
         Total |   2878 |   2804 |     74 |    252 |   2110 |   4 |  719.5 |
       Dungeon |   2835 |   2761 |     74 |    252 |   2072 |   3 |  945.0 |
         Abyss |     43 |     43 |      0 |      0 |     37 |   1 |   43.0 |
               +--------+--------+--------+--------+--------+-----+--------+

Top non-repeatable levels by time:
     D:1: 1393 daAuts
     D:2: 1372 daAuts
     D:3: 69 daAuts
 Abyss:1: 43 daAuts
